 Dungeon Crawl Stone Soup version 0.25-a0-668-gea548f19b6 (webtiles) character file.

Game seed: 7932175805523876481, levelgen mode: classic

136314 EnegeticOcto the Devastator (level 17, 102/102 HPs)
             Began as a Tengu Fire Elementalist on Mar 27, 2020.
             Was a Follower of Uskayaw.
             Quit the game on level 1 of the Swamp on Mar 28, 2020.
             The game lasted 01:41:42 (43079 turns).

EnegeticOcto the Devastator (TeFE)                 Turns: 43079, Time: 01:41:43

Health: 102/102    AC: 11    Str: 16    XL:     17   Next: 21%
Magic:  35/35      EV: 21    Int: 22    God:    Uskayaw [*.....]
Gold:   2632       SH:  5    Dex: 16    Spells: 23/43 levels left

rFire    + . .     SeeInvis .   O - +9 rapier of Extremism {pain, rPois Str+5}
rCold    + . .     Gourm    .   S - +0 buckler
rNeg     . . .     Faith    .   j - +2 leather armour {rF+}
rPois    +         Spirit   .   y - +2 hat
rElec    .         Reflect  .   K - +0 cloak
rCorr    .         Harm     .   u - +1 pair of gloves
MR       +....                  (boots unavailable)
Stlth    ++........             l - amulet of magic regeneration
HPRegen  0.27/turn              c - +4 ring of evasion
MPRegen  0.49/turn              G - ring of the Octopus King {rC+ AC+1 EV+1 Str+1 Int+1 Dex+1}

@: flying quickly and evasively, deflect missiles, quick
A: beak, talons 3, able to fly
a: Stop Flying, Stomp, Renounce Religion


You were on level 1 of the Swamp.
You worshipped Uskayaw.
Uskayaw was noncommittal.
You were not hungry.

You visited 6 branches of the dungeon, and saw 26 of its levels.
You also visited: Ice Cave.

You collected 3299 gold pieces.
You spent 667 gold pieces at shops.

Inventory:

Hand Weapons
 C - a +2 dagger of distortion
 O - the +9 rapier of Extremism (weapon) {pain, rPois Str+5}
   (You found it on level 12 of the Dungeon)

   In the hands of one skilled in necromantic magic, it inflicts extra damage on
   living creatures.
   It affects your strength (+5).
   It protects you from poison.
Missiles
 o - 9 curare-tipped darts
 F - 3 throwing nets (quivered) {!f}
Armour
 j - a +2 leather armour of fire resistance (worn)
 u - a +1 pair of gloves (worn)
 y - a +2 hat (worn)
 K - a +0 cloak (worn)
 S - a +0 buckler (worn)
Magical Staves
 a - an uncursed staff of air
 b - an uncursed staff of wizardry
Jewellery
 c - a +4 ring of evasion (left hand)
 l - an amulet of magic regeneration (around neck)
 G - a ring of the Octopus King (right hand) {rC+ AC+1 EV+1 Str+1 Int+1 Dex+1}
   (You found it on level 9 of the Dungeon)

   [ring of protection from cold]

   It affects your AC (+1).
   It affects your evasion (+1).
   It affects your strength (+1).
   It affects your intelligence (+1).
   It affects your dexterity (+1).
   It protects you from cold.
 Y - the ring "Jiusoig" {rC+ rN+}
   (You found it in an ice cave)

   [ring of positive energy]

   It protects you from cold.
   It protects you from negative energy.
Wands
 z - a wand of flame (53) {@v4}
 B - a wand of enslavement (6)
 D - a wand of acid (14) {@v1}
 J - a wand of disintegration (11)
 L - a wand of digging (7) {@v3}
 M - a wand of iceblast (9) {@v2}
 N - a wand of paralysis (3)
Scrolls
 f - 2 scrolls of fog {!r}
 g - 6 scrolls of amnesia
 h - 4 scrolls of enchant armour
 i - 5 scrolls of enchant weapon
 v - 9 scrolls of remove curse {@r2}
 x - 6 scrolls of immolation
 A - 7 scrolls of teleportation {@r3 !r}
 I - a scroll of fear {!r}
 R - a scroll of magic mapping {@r5 !r}
 T - 2 scrolls of vulnerability
 V - a scroll of silence
 Z - a scroll of holy word
Potions
 k - 6 potions of might {@q3 !q}
 m - 5 potions of heal wounds {@q2 !q}
 n - 3 potions of lignification {@q6}
 p - 6 potions of stabbing {@q5 !q}
 q - 4 potions of mutation
 r - 3 potions of haste {@q4 !q}
 s - 2 potions of magic
 t - 5 potions of curing {@q1 !q}
 E - 3 potions of brilliance
 H - a potion of invisibility
 P - 3 potions of berserk rage
 Q - 2 potions of cancellation
 W - a potion of resistance
 X - 3 potions of ambrosia
Miscellaneous
 d - a lamp of fire (inert)
 U - a phantom mirror


   Skills:
 - Level 10.1 Fighting
 - Level 4.0 Dodging
 - Level 2.0 Stealth
 - Level 4.0 Shields
 + Level 13.7 Spellcasting
 - Level 18.6 Conjurations
 - Level 6.0 Charms
 - Level 15.0 Fire Magic
 - Level 12.4 Air Magic
 - Level 5.0 Invocations


You had 23 spell levels left.
You knew the following spells:

 Your Spells              Type           Power        Failure   Level  Hunger
a - Sticky Flame          Conj/Fire      ######..     1%          4    None
b - Foxfire               Conj/Fire      ####         0%          1    None
c - Fireball              Conj/Fire      ######....   1%          5    ###....
d - Deflect Missiles      Chrm/Air       ######....   19%         6    #####..
e - Summon Lightning Spi  Summ/Air       #####...     4%          4    None

Your spell library contained the following spells:

 Spells                   Type           Power        Failure   Level  Hunger
 Magic Dart               Conj           ####         0%          1    None
 Searing Ray              Conj           ######       0%          2    None
 Conjure Flame            Conj/Fire      ######..     0%          3    None
 Dazzling Flash           Conj/Hex       ######       1%          3    None
 Inner Flame              Hex/Fire       #####...     1%          3    None
 Fulminant Prism          Conj/Hex       ######....   1%          4    None
 Iskenderun's Mystic Bla  Conj/Tloc      ######..     1%          4    None
 Animate Skeleton         Necr           N/A          4%          1    None
 Apportation              Tloc           ###...       4%          1    None
 Beastly Appendage        Tmut           ###...       4%          1    None
 Corona                   Hex            ###....      4%          1    None
 Summon Small Mammal      Summ           ###.         4%          1    None
 Call Imp                 Summ           ###.....     8%          2    None
 Ensorcelled Hibernation  Hex/Ice        ###...       8%          2    None
 Slow                     Hex            ###.....     8%          2    None
 Sticks to Snakes         Tmut           ###.....     8%          2    None
 Silence                  Hex/Air        #####.....   11%         5    ###....
 Call Canine Familiar     Summ           ###.....     16%         3    None
 Confusing Touch          Hex            ###.....     16%         3    None
 Portal Projectile        Hex/Tloc       ###...       16%         3    None
 Spider Form              Tmut/Pois      ###.......   16%         3    None
 Summon Guardian Golem    Hex/Summ       ###.....     16%         3    None
 Tukima's Dance           Hex            ###.....     16%         3    None
 Cause Fear               Hex            ###.......   45%         4    None
 Ice Form                 Ice/Tmut       ###.....     45%         4    None
 Leda's Liquefaction      Hex/Erth       ###.......   45%         4    None
 Summon Ice Beast         Ice/Summ       ###.....     45%         4    None
 Blade Hands              Tmut           ###.......   80%         5    ###....
 Yara's Violent Unravell  Hex/Tmut       ###.......   80%         5    ###....
 Discord                  Hex            ###.......   100%        8    #######


Dungeon Overview and Level Annotations

Branches:
Dungeon (15/15)            Temple (1/1) D:4            Lair (6/6) D:9
  Swamp (1/4) Lair:4        Snake (1/4) Lair:3        Slime (0/5) Lair:6
    Orc (2/2) D:10            Elf (0/3) Orc:2        Vaults (0/5) D:13
 Depths (0/5) D:15          IceCv (visited)

Altars:
Ashenzari
Cheibriados
Dithmenos
Elyvilon
Fedhas
Gozag
Hepliaklqana
Kikubaaqudgha
Makhleb
Nemelex Xobeh
Okawaru
Qazlal
Ru
Sif Muna
Trog
Uskayaw
Vehumet
Wu Jian
Xom
Yredelemnul
Zin
The Shining One
Jiyva

Shops:
D:4 (   D:5 *   D:13 (   D:15 *   Orc:1 ?   Orc:2 [(!:*

Portals:
Abyss: Lair:2

Annotations:
D:9 3 runed translucent doors, exclusion: downstairs, Saskiapp's ghost, novice GnAK
Lair:2 2 transporters, exclusion: downstairs, Solig's ghost, journeyman HuMo
Lair:6 1 runed translucent door


Innate Abilities, Weirdness & Mutations

You have a beak for a mouth.
You have claws for feet.
You can fly continuously.


Message History

Aiming: Sticky Flame (safe; 1% risk of failure)
Press: ? - help, Shift-Dir - straight line, f - swamp worm
Aim: a swamp worm The sticky flame hits the swamp worm!
The swamp worm is moderately wounded.
The swamp worm is covered in liquid flames!
The swamp worm burns!
The swamp worm bites you!
You puncture the swamp worm!
The swamp worm is severely wounded.
The swamp worm burns!
The swamp worm completely misses you. The swamp worm bites you!
You puncture the swamp worm!
You kill the swamp worm!
You see here a swamp worm corpse.
You butcher the swamp worm corpse.
w - 15 chunks of flesh (gained 3)
An alligator comes into view.
An alligator comes into view.
The alligator puts on a burst of speed!
Casting: Sticky Flame (safe; 1% risk of failure)
Confirm with . or Enter, or press ? or * to list all spells.
Aiming: Fireball (safe; 1% risk of failure)
Press: ? - help, Shift-Dir - straight line The fireball explodes!
The fireball engulfs the alligator!
The alligator is moderately wounded.
The fireball engulfs the alligator!
The alligator is moderately wounded.
You hear a loud, deep croak!
The alligator puts on a burst of speed!
The alligator completely misses you. You block the alligator's attack.
Casting: Fireball (safe; 1% risk of failure)
Confirm with . or Enter, or press ? or * to list all spells.
Aiming: Sticky Flame (safe; 1% risk of failure)
Press: ? - help, Shift-Dir - straight line, f - alligator
Aim: an alligator (moderately wounded, covering ground quickly)
The sticky flame hits the alligator!
The alligator is moderately wounded.
The alligator is covered in liquid flames!
The alligator burns!
The alligator is engulfed in a cloud of scalding steam.
The alligator bites you. The alligator misses you.
Casting: Sticky Flame (safe; 1% risk of failure)
Confirm with . or Enter, or press ? or * to list all spells.
Aiming: Fireball (safe; 1% risk of failure)
Press: ? - help, Shift-Dir - straight line, p - alligator The fireball explodes!
The fireball engulfs the alligator!
The alligator is severely wounded.
The fireball engulfs the alligator!
The alligator is heavily wounded.
The tree smoulders and burns.
You are feeling hungry.
The alligator burns!
The alligator bites you! The alligator misses you.
The alligator is engulfed in a cloud of scalding steam.
You can now pass through a line of other dancers.
Casting: Fireball (safe; 1% risk of failure)
Confirm with . or Enter, or press ? or * to list all spells.
Aiming: Sticky Flame (safe; 1% risk of failure)
Press: ? - help, Shift-Dir - straight line, f - alligator
Aim: an alligator (severely wounded, covering ground quickly)
The sticky flame hits the alligator.
The alligator is severely wounded.
The alligator is covered in liquid flames!
The alligator burns! x2; The alligator closely misses you.
The alligator tail-slaps you. The alligator misses you.
The alligator tail-slaps you but does no damage.
The alligator misses you. The alligator closely misses you.
The alligator burns! x2; The alligator bites you!
The alligator misses you.
The flames covering the alligator go out.
The alligator stops burning.
The alligator burns!
The alligator closely misses you. The alligator tail-slaps you.
The flames covering the alligator go out.
The alligator stops burning.
Casting: Sticky Flame (safe; 1% risk of failure)
Confirm with . or Enter, or press ? or * to list all spells.
Aiming: Fireball (safe; 1% risk of failure)
Press: ? - help, Shift-Dir - straight line, p - alligator The fireball explodes!
The fireball engulfs the alligator!!!
You kill the alligator!
The fireball engulfs the alligator!
You kill the alligator!
You hear a loud, deep croak!
Uskayaw will force your foes to helplessly watch your dance.
Eat one of 15 chunks of flesh? (ye/n/q)
You eat one of the 15 chunks of flesh.
This raw flesh tastes terrible.
You see here an alligator corpse.
You butcher the alligator corpse.
You hear a splash.
w - 18 chunks of flesh (gained 4)
You see here an alligator skeleton.
You start resting.
You can no longer pass through a line of other dancers.
Magic restored.
Some of the chunks of flesh in your inventory have rotted away. x4
All of the chunks of flesh in your inventory have rotted away.
HP restored.
There is a stone staircase leading down here.
You are feeling hungry.
You eat the ration.
That ration really hit the spot!
Unknown command.
Are you sure you want to abandon this character and quit the game? (Confirm with "yes".)

.≈≈...≈≈≈.≈.≈♣♣≈♣♣♣♣♣ ♣♣.≈≈≈≈≈≈≈
≈≈≈...≈≈≈........♣..♣♣♣♣≈.≈≈≈≈≈≈.
≈≈.....≈.......≈..≈..≈♣♣.)≈≈≈.≈≈.
...≈≈.......≈≈≈..≈≈≈≈≈.≈.≈≈≈≈....
♣♣.≈≈≈...≈♣.≈≈...≈≈≈≈≈≈..≈≈≈≈≈.≈≈
♣..≈≈≈...♣♣♣♣..≈≈≈≈≈≈≈≈..≈≈≈≈≈≈≈≈
♣≈...≈≈..♣ ♣♣≈.≈≈≈≈≈..♣♣♣♣...>≈..
....≈≈≈≈.♣♣♣.....♣..♣♣♣ ♣♣♣♣≈..≈
≈≈.≈≈≈≈≈.≈♣♣≈≈..@♣♣♣♣ ♣♣♣♣.
≈§.[..≈≈.♣♣♣♣♣♣≈..≈♣ ♣♣
..♣♣.≈≈≈≈.≈♣≈♣♣♣♣.≈♣ ♣
..).≈≈≈≈≈..≈♣≈♣♣♣♣♣♣
.....≈≈≈≈..♣≈.≈♣
....≈≈≈.≈≈.....♣♣ ♣♣♣
≈.......≈≈≈≈≈..≈♣♣..♣♣
≈≈.≈≈≈≈≈≈≈≈≈≈..≈.♣≈≈.♣ ♣♣
...≈≈≈≈≈≈≈≈≈≈≈..≈≈≈.≈♣...


There were no monsters in sight!

Vanquished Creatures
  Rupert (Lair:3)
  An acid blob (shapeshifter) (D:15)
  A thorn hunter (Swamp:1)
  3 orc warlords
  A dire elephant (Lair:6)
  Snorg (Lair:3)
  An ogre mage (D:15)
  A great orb of eyes (D:13)
  3 ice dragons
  8 hydras
  2 rakshasas
  3 catoblepae
  A naga warrior (Snake:1)
  An anaconda (Snake:1)
  3 centaur warriors
  9 two-headed ogres
  A deep troll shaman (Lair:6)
  2 tengu warriors
  7 alligators (Swamp:1)
  3 orc high priests (Orc:2)
  11 death yaks
  A shock serpent (Snake:1)
  2 naga sharpshooters (Snake:1)
  Sonja (Lair:3)
  A skeletal warrior (D:15)
  A swamp dragon (Swamp:1)
  A flayed ghost (D:15)
  A glowing orange brain (D:15)
  6 unseen horrors
  Pikel (D:4)
  3 cyclopes
  6 orc knights
  6 orc sorcerers
  3 manticores
  4 oklob plants (Lair:5)
  10 ugly things
  5 deep elf magi
  5 black mambas
  9 elephants
  3 ice statues
  A black mamba (shapeshifter) (D:15)
  2 naga magi (Snake:1)
  3 centaur skeletons
  A gargoyle (D:15)
  5 spiny frogs
  A kobold demonologist (D:14)
  2 freezing wraiths
  9 komodo dragons
  3 rime drakes
  10 trolls
  6 meliai (D:14)
  2 tengu conjurers (D:15)
  3 polar bears
  20 slime creatures
  A harpy skeleton (D:15)
  6 tyrant leeches (Swamp:1)
  3 hornets (Swamp:1)
  2 bog bodies (Swamp:1)
  20 blink frogs
  11 hippogriffs
  A hippogriff (shapeshifter) (D:13)
  3 spriggans (Swamp:1)
  A shadow (D:11)
  7 wyverns
  41 yaks
  A vampire (D:14)
  A wyvern (shapeshifter) (D:15)
  A yak (shapeshifter) (D:15)
  A tarantella (shapeshifter) (D:15)
  14 humans
  A water elemental (D:15)
  2 wraiths
  2 basilisks
  2 chaos spawn (D:14)
  A steam dragon (D:10)
  2 hungry ghosts
  7 wargs
  A vampire mosquito (D:15)
  An insubstantial wisp (Swamp:1)
  3 swamp worms (Swamp:1)
  4 nagas
  A soldier ant (D:11)
  13 water moccasins
  8 porcupines
  A swamp drake (Swamp:1)
  3 slaves (D:4)
  32 ice beasts
  5 sky beasts
  A black bear (D:8)
  35 orc warriors
  16 ogres
  2 eyes of draining (D:13)
  2 necrophages
  4 phantoms
  5 boggarts (D:15)
  16 centaurs
  10 crocodiles
  27 wolves
  2 big kobolds
  20 bullfrogs
  A gnoll sergeant (D:9)
  8 scorpions
  21 killer bees
  5 wights (D:13)
  An electric eel (Lair:1)
  3 howler monkeys
  4 crimson imps
  5 centaur zombies
  A bullfrog zombie (D:10)
  8 hounds
  2 jellies
  4 orc priests
  2 bullfrog skeletons
  6 iguanas
  13 worker ants
  Natasha (thrice) (D:4)
  6 hell rats (Lair:6)
  8 orc wizards
  A mummy (D:5)
  2 hound zombies
  A hound skeleton (D:4)
  A howler monkey zombie (D:6)
  A worker ant zombie (D:5)
  4 gnolls (D:9)
  9 adders
  3 shadow imps
  5 white imps
  An ooze (D:4)
  An adder zombie (D:9)
  An adder skeleton (D:7)
  3 worms
  3 dart slugs
  7 leopard geckos
  76 orcs
  3 bats
  2 giant cockroaches
  6 goblins
  8 hobgoblins
  3 jackals (D:5)
  10 kobolds
  5 quokkas
  4 ball pythons
  7 frilled lizards
  2 giant cockroach zombies
  A jackal skeleton (D:4)
  6 rats
  4 fungi
  5 plants
830 creatures vanquished.

Vanquished Creatures (collateral kills)
  An orc knight (D:13)
  4 ugly things (D:15)
  A salamander (Snake:1)
  A hippogriff (D:13)
  6 humans (D:13)
  A crocodile (D:13)
  A wyvern simulacrum (D:13)
  3 orcs (D:13)
18 creatures vanquished.

Vanquished Creatures (others)
  2285 foxfires
  19 fungi
  14 plants
2318 creatures vanquished.

Grand Total: 3166 creatures vanquished

Notes
Turn   | Place    | Note
-------+----------+-------------------------------------------
     0 | D:1      | EnegeticOcto the Tengu Fire Elementalist began the quest
                  | for the Orb.
     0 | D:1      | Reached XP level 1. HP: 10/10 MP: 4/4
    76 | D:1      | Reached skill level 2 in Conjurations
   157 | D:1      | Reached XP level 2. HP: 14/15 MP: 0/6
   252 | D:1      | Reached skill level 3 in Conjurations
   826 | D:2      | Reached XP level 3. HP: 19/19 MP: 0/7
   940 | D:2      | Reached skill level 4 in Conjurations
  1183 | D:2      | You fall into a shaft and drop 2 floors!
  1369 | D:2      | Reached skill level 5 in Conjurations
  1369 | D:2      | Reached XP level 4. HP: 24/24 MP: 3/8
  2171 | D:2      | Found an opulent altar of Gozag.
  3590 | D:4      | Gained mutation: You can fly continuously. [Tengu growth]
  3590 | D:4      | Reached XP level 5. HP: 28/28 MP: 3/9
  3798 | D:4      | Reached skill level 1 in Fighting
  3946 | D:4      | Noticed Natasha
  3954 | D:4      | Killed Natasha
  4347 | D:4      | Found a staircase to the Ecumenical Temple.
  4359 | Temple   | Entered the Ecumenical Temple
  4690 | Temple   | Became a worshipper of Uskayaw the Reveler
  4738 | Temple   | Learned a level 4 spell: Sticky Flame
  4761 | D:4      | Noticed Natasha
  4772 | D:4      | Killed Natasha
  4772 | D:4      | Reached XP level 6. HP: 35/35 MP: 3/11
  4772 | D:4      | Reached * piety under Uskayaw
  4863 | D:4      | Found Tacekin's Weapon Shoppe.
  4890 | D:4      | Reached ** piety under Uskayaw
  4892 | D:4      | Noticed Natasha
  4896 | D:4      | Reached *** piety under Uskayaw
  5114 | D:4      | Found a shattered altar of Ashenzari.
  5122 | D:4      | Killed Natasha
  5122 | D:4      | Reached skill level 6 in Conjurations
  5228 | D:4      | Noticed a slave
  5235 | D:4      | Noticed a slave
  5237 | D:4      | Killed a slave
  5239 | D:4      | Noticed a slave
  5240 | D:4      | Killed a slave
  5262 | D:4      | Killed a slave
  5372 | D:4      | Noticed a slave
  5373 | D:4      | Noticed Pikel
  5556 | D:4      | Killed Pikel
  5556 | D:4      | Reached skill level 5 in Spellcasting
  5556 | D:4      | Reached XP level 7. HP: 38/40 MP: 5/16
  5751 | D:5      | Entered Level 5 of the Dungeon
  5915 | D:5      | Found Niroziathro's Assorted Antiques.
  5919 | D:5      | Bought a scroll labeled ALLUNE KURIJOIXT for 34 gold pieces
  5919 | D:5      | Bought a scroll labeled MISYTURGHUESS for 34 gold pieces
  5950 | D:5      | Found a burning altar of Makhleb.
  6512 | D:5      | Found a snail-covered altar of Cheibriados.
  6723 | D:5      | Reached XP level 8. HP: 44/44 MP: 10/17
  7061 | D:5      | Learned a level 5 spell: Fireball
  7082 | D:6      | Reached skill level 7 in Conjurations
  7082 | D:6      | Reached skill level 5 in Fire Magic
  7492 | D:6      | Reached skill level 8 in Conjurations
  7739 | D:6      | Reached XP level 9. HP: 49/49 MP: 14/19
  8085 | D:6      | Reached skill level 9 in Conjurations
  8117 | D:6      | Found an iron altar of Okawaru.
  8277 | D:6      | Found a hazy altar of Hepliaklqana.
  8277 | D:6      | Found an ornate altar of the Wu Jian Council.
  9492 | D:7      | Reached skill level 10 in Conjurations
  9907 | D:7      | Found a sacrificial altar of Ru.
  9908 | D:7      | Found a radiant altar of Vehumet.
  9977 | D:8      | Reached skill level 5 in Fighting
 10650 | D:8      | Reached **** piety under Uskayaw
 10651 | D:8      | Reached XP level 10. HP: 59/59 MP: 11/20
 10655 | D:8      | Reached ***** piety under Uskayaw
 10897 | D:8      | Reached skill level 11 in Conjurations
 12464 | D:9      | Found a runed translucent gate.
 12464 | D:9      | Found a runed translucent gate.
 12464 | D:9      | Found a runed translucent gate.
 12469 | D:9      | Noticed Saskiapp's ghost (novice GnAK)
 12678 | D:9      | Found the ring of the Octopus King
 12685 | D:9      | Got a ring of the Octopus King
 12736 | D:9      | Found a shimmering blue altar of Sif Muna.
 12806 | D:9      | Reached skill level 12 in Conjurations
 12828 | D:9      | Reached skill level 10 in Fire Magic
 13006 | D:9      | Identified a ring of the Octopus King {rC+ AC+1 EV+1 Str+1
                  | Int+1 Dex+1} (You found it on level 9 of the Dungeon)
 13172 | D:9      | Reached skill level 1 in Invocations
 13557 | D:9      | Found a staircase to the Lair.
 13604 | D:9      | Reached XP level 11. HP: 51/64 MP: 0/21
 14271 | D:10     | Entered Level 10 of the Dungeon
 14841 | D:10     | Found a staircase to the Orcish Mines.
 14962 | D:10     | Noticed Urug
 15077 | Lair:1   | Entered Level 1 of the Lair of Beasts
 15579 | Lair:1   | Reached skill level 13 in Conjurations
 16649 | Lair:2   | Found a transporter.
 16649 | Lair:2   | Found a one-way gate to the infinite horrors of the Abyss.
 16649 | Lair:2   | Noticed Solig's ghost (journeyman HuMo)
 16651 | Lair:2   | Noticed a six-headed hydra
 16666 | Lair:2   | Killed a six-headed hydra
 16667 | Lair:2   | Identified the +4 rapier "Bytwal" {distort, Str+4}
 16676 | Lair:2   | Noticed a cacodemon
 16780 | Lair:2   | Noticed a soul eater
 16782 | Lair:2   | Found a transporter.
 17250 | Lair:2   | Reached skill level 5 in Invocations
 17494 | Lair:2   | Reached XP level 12. HP: 73/73 MP: 0/25
 17990 | Lair:2   | Noticed a thrashing horror
 18129 | Lair:3   | Noticed Sonja
 18131 | Lair:3   | Killed Sonja
 18420 | Lair:3   | Noticed a death yak
 18420 | Lair:3   | Noticed a death yak
 18420 | Lair:3   | Noticed a death yak
 18421 | Lair:3   | Noticed a death yak
 18421 | Lair:3   | Noticed a death yak
 18424 | Lair:3   | Noticed Rupert
 18597 | Lair:3   | Noticed Snorg
 18602 | Lair:3   | Killed Snorg
 19986 | Lair:3   | Killed a death yak
 19989 | Lair:3   | Killed a death yak
 19993 | Lair:3   | Paralysed by Rupert for 5 turns
 20041 | Lair:3   | Paralysed by Rupert for 6 turns
 20077 | Lair:3   | Paralysed by Rupert for 7 turns
 20124 | Lair:3   | Paralysed by Rupert for 7 turns
 20154 | Lair:3   | Paralysed by Rupert for 2 turns
 20159 | Lair:3   | Killed Rupert
 20159 | Lair:3   | Reached skill level 10 in Fighting
 20159 | Lair:3   | Reached skill level 10 in Spellcasting
 20492 | Lair:3   | Killed a death yak
 20504 | Lair:3   | Killed a death yak
 20656 | Lair:3   | Killed a death yak
 20893 | Lair:3   | Reached XP level 13. HP: 82/82 MP: 5/28
 21037 | Lair:3   | Reached skill level 14 in Conjurations
 21266 | Lair:3   | Found a staircase to the Snake Pit.
 22848 | Lair:4   | Noticed an ice dragon
 22850 | Lair:4   | Killed an ice dragon
 23118 | Lair:4   | Found a staircase to the Swamp.
 23140 | Lair:4   | Learned a level 6 spell: Deflect Missiles
 23479 | Lair:5   | Identified the +2 great mace "Cist" {flame, rElec Str+3
                  | Dex-5} (You found it on level 5 of the Lair of Beasts)
 23488 | Lair:5   | Reached skill level 15 in Conjurations
 23590 | Lair:5   | Reached skill level 1 in Air Magic
 23917 | Lair:5   | Reached skill level 1 in Charms
 25014 | Lair:6   | Entered Level 6 of the Lair of Beasts
 25906 | Lair:6   | Reached XP level 14. HP: 88/88 MP: 9/29
 25921 | Lair:6   | Reached skill level 5 in Air Magic
 26124 | Lair:6   | Found a runed translucent door.
 26127 | Lair:6   | Found a viscous altar of Jiyva.
 26127 | Lair:6   | Noticed an acid blob
 26130 | Lair:6   | Found a staircase to the Slime Pits.
 27563 | Lair:6   | Noticed a dire elephant
 27565 | Lair:6   | Reached skill level 16 in Conjurations
 27626 | Lair:6   | Killed a dire elephant
 27780 | Lair:6   | Learned a level 4 spell: Summon Lightning Spire
 27985 | D:10     | Noticed Urug
 27985 | D:10     | Urug changed into Urug the cyclops
 28049 | D:10     | Killed Urug the cyclops
 28628 | D:11     | Found a white marble altar of Elyvilon.
 29083 | D:11     | Found a white marble altar of Elyvilon.
 29722 | D:12     | Identified the +9 rapier of Extremism {pain, rPois Str+5}
                  | (You found it on level 12 of the Dungeon)
 30780 | D:13     | Found a gate to the Vaults.
 30780 | D:13     | Noticed Nessos
 30796 | D:13     | Reached skill level 5 in Charms
 30828 | D:13     | Noticed Nessos
 30828 | D:13     | Nessos changed into Nessos the great orb of eyes
 30877 | D:13     | Killed Nessos the great orb of eyes
 30877 | D:13     | Reached XP level 15. HP: 92/92 MP: 2/30
 31040 | D:13     | Found Onosoxakh's Antique Weapon Shop.
 32328 | D:14     | Found a shimmering altar of Xom.
 32328 | D:14     | Found the +7 mace of Variability {chain chaos}
 34024 | D:14     | Reached skill level 17 in Conjurations
 35029 | Orc:1    | Entered Level 1 of the Orcish Mines
 35029 | Orc:1    | Found a dark tunnel.
 35029 | Orc:1    | Noticed an orc warlord
 35034 | Orc:1    | Killed an orc warlord
 35034 | Orc:1    | Reached skill level 1 in Shields
 35173 | Orc:1    | You are sucked into a shaft and drop 1 floor!
 35173 | Orc:2    | Entered Level 2 of the Orcish Mines
 35181 | Orc:1    | Noticed an orc warlord
 35183 | Orc:1    | Reached skill level 10 in Air Magic
 35280 | Orc:1    | Killed an orc warlord
 35624 | Orc:1    | Found Wuewon's Magic Scroll Boutique.
 35627 | Orc:1    | Bought a scroll of teleportation for 33 gold pieces
 35627 | Orc:1    | Bought a scroll of holy word for 82 gold pieces
 35845 | Orc:2    | Found Yluicuco's General Store.
 35845 | Orc:2    | Noticed an orc warlord
 35876 | Orc:2    | Killed an orc warlord
 36497 | Orc:2    | Found Untanyaw's Distillery.
 36502 | Orc:2    | Found Gazanterun's Antique Armour Boutique.
 36539 | Orc:2    | Reached XP level 16. HP: 87/97 MP: 4/32
 36687 | Orc:2    | Found a staircase to the Elven Halls.
 36764 | Orc:2    | Bought a steaming leather armour for 175 gold pieces
 36764 | Orc:2    | Identified the +1 leather armour "Vetecahont" {rC+ Dex+5
                  | Slay-5} (You bought it in a shop on level 2 of the Orcish
                  | Mines)
 36798 | Orc:2    | Found Zouschoum's Antique Weapon Shoppe.
 36864 | Orc:2    | Found Hyovem's Book Shoppe.
 37034 | Orc:2    | Upgraded the game from 0.25-a0-667-gb977e01cb5 to
                  | 0.25-a0-668-gea548f19b6
 37181 | D:15     | Entered Level 15 of the Dungeon
 37290 | D:15     | Found a frozen archway.
 37309 | IceCv    | Entered an ice cave
 38025 | IceCv    | Got a coiled lead ring
 38026 | IceCv    | Identified the ring "Jiusoig" {rC+ rN+} (You found it in an
                  | ice cave)
 38592 | D:15     | Identified the cursed +1 leather armour of the Lich-sworn
                  | {+Blink} (You found it on level 15 of the Dungeon)
 38792 | D:15     | Found Ucruetub's Assorted Antiques.
 38840 | D:15     | Bought a potion of magic for 224 gold pieces
 38849 | D:15     | Reached skill level 18 in Conjurations
 39311 | D:15     | Reached skill level 15 in Fire Magic
 39935 | D:15     | Found a staircase to the Depths.
 40363 | D:15     | Noticed an acid blob
 40368 | D:15     | Killed an acid blob
 40887 | Snake:1  | Entered Level 1 of the Snake Pit
 41465 | Orc:2    | Bought a ration for 85 gold pieces
 41637 | Swamp:1  | Entered Level 1 of the Swamp
 41712 | Swamp:1  | Reached XP level 17. HP: 94/102 MP: 16/34
 43079 | Swamp:1  | Quit the game

Levels and vault maps discovered:
D:1:      dpeg_arrival_simpleton_c, layout_loops_ring
D:2:      layout_basic, marbit_many_paths
D:3:      layout_basic, first_ration, st_stairs_8, minmay_misc_feat_roman
D:4:      layout_basic, ashenzari_altar_1, minmay_temple_entry_drinking_statues,
          serial_shops, nicolae_shop_crystal, minmay_fountain_box,
          skrybe_limestone_x, minmay_misc_feat_square, uniq_pikel, uniq_natasha
D:5:      layout_loops_corners, lemuel_doored_altar, slow_altar_2, serial_shops,
          shop
D:6:      layout_loops_corners, lemuel_crystal_altar,
          gammafunk_temple_overflow_elements, minmay_ruffians
D:7:      layout_loops_ring, gammafunk_temple_overflow_pools
D:8:      layout_layer_cave
D:9:      layout_irregular_city, kennysheep_little_box, minmay_lair_entry_grove,
          gammafunk_ghost_spectres
D:10:     layout_gridville, david_orc_2, uniq_urug
D:11:     layout_cave_pools, serial_rivers, chequers_serial_rivers_large_a,
          chequers_serial_rivers_micro_c, chequers_serial_rivers_small_a,
          chequers_serial_rivers_micro_a, chequers_serial_rivers_room_a,
          basic_altar, elyvilon_altar_5
D:12:     layout_loops_ring
D:13:     layout_gridville, david_vaults_3, serial_shops, shop, grunt_tengu_nest
D:14:     layout_cave_pools, serial_bayou_pond_d,
          minmay_guarded_unrand_variability
D:15:     gammafunk_enter_depths_forms, layout_irregular_city, fountainhead,
          portal_ice_cave_entry_ice_beasts, minmay_shop_grid_forest,
          minmay_evil_grid
Temple:   minmay_temple_forest_path
Lair:1:   layout_regular_city, serial_bayou_shore_a, grunt_megastairs_5
Lair:2:   layout_regular_city, gammafunk_ghost_abyssal_escape
Lair:3:   layout_regular_city, guppyfry_snake_entry_island,
          infiniplex_staircase_pool, uniq_sonja, uniq_snorg, uniq_rupert
Lair:4:   layout_loops_ring, minmay_swamp_entry_reptiles,
          bobbens_ice_dragon_lair
Lair:5:   layout_regular_city, gauntlet_entry_generic,
          infiniplex_staircase_pool_2, minmay_lair_oklob_chamber,
          grunt_megastairs_3
Lair:6:   grunt_lair_end_beastmaster, layout_loops_ring, slime_altar_2,
          ice2_lemuel
Swamp:1:  layout_basic_swamp, evilmike_swamp_ruin_house_1
Snake:1:  layout_chambers, ebering_ghost_rock_garden, minmay_shop_star
Orc:1:    layout_caves, nicolae_volcano_entry_two_sided, serial_shops, shop
Orc:2:    grunt_orc_gardens, layout_caves, grunt_orc_garden, grunt_orc_garden,
          grunt_orc_garden, grunt_orc_garden, serial_shops, shop, mines2_lemuel

Skill      XL: |  1  2  3  4  5  6  7  8  9 10 11 12 13 14 15 16 17 |
---------------+----------------------------------------------------+-----
Conjurations   | 2 3 5 6 8 10 12 13 15 16 17 18 | 18.6
Fire Magic     | 4 6 8 10 12 13 14 15 | 15.0
Fighting       | 1 2 5 7 10 | 10.1
Spellcasting   | 5 6 8 10 11 12 13 | 13.7
Invocations    | 2 5 |  5.0
Dodging        | 3 4 |  4.0
Air Magic      | 4 8 10 12 | 12.4
Charms         | 2 5 6 |  6.0
Shields        | 3 4 |  4.0
Stealth        | |  2.0

Action                   |  1- 3 |  4- 6 |  7- 9 | 10-12 | 13-15 | 16-18 || total
-------------------------+-------+-------+-------+-------+-------+-------++-------
Melee: Kick              |       |     2 |    21 |     3 |    26 |     6 ||    58
       Long sword        |       |     5 |    17 |       |       |       ||    22
       Peck              |       |     1 |    14 |     4 |    18 |     6 ||    43
       Staff             |       |       |    53 |    28 |    89 |     9 ||   179
       Rapier            |       |       |       |       |       |    19 ||    19
Throw: Throwing net      |       |       |       |       |     1 |       ||     1
 Cast: Foxfire           |    53 |   198 |   257 |   449 |   360 |   125 ||  1442
       Sticky Flame      |       |       |    15 |    54 |   123 |    66 ||   258
       Fireball          |       |       |     2 |    64 |   373 |   177 ||   616
       Deflect Missiles  |       |       |       |       |     5 |     3 ||     8
       Summon Lightning  |       |       |       |       |       |     6 ||     6
Invok: Stomp             |       |       |       |       |       |     1 ||     1
 Abil: Fly               |       |     1 |       |       |       |       ||     1
Evoke: Wand              |       |       |       |     3 |    23 |    20 ||    46
       Lamp of fire      |       |       |       |       |       |     1 ||     1
  Use: Scroll            |     1 |     1 |     7 |    17 |    14 |     8 ||    48
       Potion            |       |       |       |     3 |     1 |       ||     4
 Stab: Paralysed         |       |     1 |     1 |     1 |     5 |       ||     8
  Eat: Chunk             |     2 |    11 |     8 |    46 |    47 |    20 ||   134
       Ration            |       |     1 |     3 |     2 |    19 |     8 ||    33
Armor: Robe              |     3 |     1 |       |       |       |       ||     4
       Leather armour    |       |     6 |    28 |    53 |   117 |    34 ||   238
Dodge: Dodged            |     2 |    27 |    80 |   224 |   431 |   140 ||   904
       Deflected         |       |       |       |       |    26 |    18 ||    44
Block: Buckler           |       |       |       |       |     8 |    37 ||    45
       Rpst.: Long sword |       |     3 |    11 |       |       |       ||    14

Table legend:
 A = Non-vault XP
 B = Vault XP
 C = Vault XP percentage of total XP
 D = Non-vault monster count
 E = Vault monster count
 F = Vault count percentage of total count
                 A         B        C        D         E       F
            +---------+---------+-------+---------+---------+-------
      Total |  130722 |   64013 |  32.9 |     654 |     182 |  21.8
            +---------+---------+-------+---------+---------+-------
        D:1 |      19 |       0 |   0.0 |      10 |       0 |   0.0
        D:2 |      81 |       2 |   2.4 |      23 |       1 |   4.2
        D:3 |      48 |       3 |   5.9 |      18 |       1 |   5.3
        D:4 |     229 |     676 |  74.7 |      19 |       2 |   9.5
        D:5 |     330 |      21 |   6.0 |      21 |       1 |   4.5
        D:6 |     570 |     790 |  58.1 |      11 |       4 |  26.7
        D:7 |    1147 |       0 |   0.0 |      19 |       0 |   0.0
        D:8 |    1391 |       0 |   0.0 |      30 |       0 |   0.0
        D:9 |    2633 |    1953 |  42.6 |      37 |      15 |  28.8
       D:10 |    2289 |     740 |  24.4 |      37 |       5 |  11.9
       D:11 |    6815 |       0 |   0.0 |      29 |       0 |   0.0
       D:12 |    4852 |       0 |   0.0 |      24 |       0 |   0.0
       D:13 |   13741 |    5944 |  30.2 |      62 |      21 |  25.3
       D:14 |   10486 |     382 |   3.5 |      30 |       2 |   6.2
       D:15 |   21510 |   12903 |  37.5 |      53 |      27 |  33.8
     Lair:1 |    4189 |     382 |   8.4 |      24 |       1 |   4.0
     Lair:2 |    5057 |       0 |   0.0 |      20 |       0 |   0.0
     Lair:3 |   10150 |    5143 |  33.6 |      26 |       5 |  16.1
     Lair:4 |    4081 |    2183 |  34.8 |      16 |       8 |  33.3
     Lair:5 |    2695 |    3884 |  59.0 |      14 |      14 |  50.0
     Lair:6 |    7136 |   12404 |  63.5 |      34 |      28 |  45.2
    Swamp:1 |   15687 |       0 |   0.0 |      31 |       0 |   0.0
    Snake:1 |    7226 |       0 |   0.0 |      13 |       0 |   0.0
      Orc:1 |    7769 |     649 |   7.7 |      47 |       1 |   2.1
      Orc:2 |     591 |   10442 |  94.6 |       6 |      26 |  81.2
      IceCv |       0 |    5512 | 100.0 |       0 |      20 | 100.0
            +---------+---------+-------+---------+---------+-------
